 Dungeon Crawl Stone Soup version 0.28.0-49-g6dfe1f597d (webtiles) character file.

Game seed: 3062502925562896158

585336 CryoSword the Devastator (level 24, 0/205 HPs)
             Began as a Demigod Fire Elementalist on May 16, 2022.
             Slain by a searing wretch (18 damage)
             ... on level 1 of the Depths on May 18, 2022.
             The game lasted 05:30:30 (104571 turns).

CryoSword the Devastator (DgFE)                   Turns: 104571, Time: 05:30:31

Health: 0/205      AC: 27    Str: 12    XL:     24   Next: 80%
Magic:  49/53      EV: 13    Int: 39    God:
Gold:   906        SH: 24    Dex: 16    Spells: 17/45 levels left

rFire   + . .      SeeInvis +   w - staff of conjuration
rCold   + + .      Faith    .   Z - +0 tower shield of a wizard's laboratory {rPois rCorr Slay+4}
rNeg    + + +      Spirit   .   l - +4 scale mail "Eddoetit" {rElec rN+++ Str-4 Dex-2}
rPois   +          Reflect  +   f - +0 helmet of Rivugasch {Fly Str+3}
rElec   +          Harm     +   y - +2 cloak of the Thief {*Fog Slay-2 SInv Stlth+}
rCorr   +          Rampage  .   o - +2 pair of gloves {hurl}
Will    +++++      Clarity  +   q - +1 pair of boots of the Unbroken {Harm rN+ Will+}
Stlth   ++++......              c - amulet of reflection
HPRegen 0.44/turn               k - ring of Kidoxuy {rC+ rCorr MP+9 Slay+2}
MPRegen 0.33/turn               e - ring of the Hairy Dragonfruit {Wiz rF+ rC+ Will++, =R}

@: brilliant, lethally poisoned (0 -> -2), flying, very slightly contaminated,
studying Translocations, unable to read
A: high MP 1, forlorn, divine attributes, clarity, dopey 1, shaggy fur 1,
inability to read while threatened
}: 3/15 runes: serpentine, barnacled, silver
a: no special abilities


You were on level 1 of the Depths.
You visited 10 branches of the dungeon, and saw 47 of its levels.
You visited 1 bazaar.
You also visited: Trove, Bailey, Gauntlet, Volcano, Wizlab and Desolation.

You collected 6478 gold pieces.
You spent 5572 gold pieces at shops.

Inventory:

Hand Weapons
 s - a +9 demon trident of electrocution
   (You took it off Urug on level 13 of the Dungeon)
Missiles
 D - 16 throwing nets
Armour
 f - the +0 helmet of Rivugasch (worn) {Fly Str+3}
   (You acquired it on level 2 of the Vaults)

   Str:       It affects your strength (+3).
   Fly:       It grants you flight.
 l - the +4 scale mail "Eddoetit" (worn) {rElec rN+++ Str-4 Dex-2}
   (You bought it in a shop on level 2 of the Orcish Mines)

   Str:       It affects your strength (-4).
   Dex:       It affects your dexterity (-2).
   rElec:     It insulates you from electricity.
   rN:        It renders you almost immune to negative energy.
 o - a +2 pair of gloves of hurling (worn)
   (You found it in a Gauntlet)
 q - the +1 pair of boots of the Unbroken (worn) {Harm rN+ Will+}
   (You found it on level 4 of the Dungeon)

   rN:        It protects you from negative energy.
   Harm:      It increases damage dealt and taken.
   Will:      It increases your willpower.
 y - the +2 cloak of the Thief (worn) {*Fog Slay-2 SInv Stlth+}
   (You bought it in a shop on level 4 of the Snake Pit)

   It may release a thick cloud of smoke when the wearer is hurt.
   Slay:      It affects your accuracy & damage with ranged weapons and melee
   (-2).
   SInv:      It lets you see invisible.
   Stlth:     It makes you more stealthy.
 Z - the +0 tower shield of a wizard's laboratory (worn) {rPois rCorr Slay+4}
   (You took it off Louise on level 2 of the Shoals)

   Slay:      It affects your accuracy & damage with ranged weapons and melee
   (+4).
   rPois:     It protects you from poison.
   rCorr:     It protects you from acid and corrosion.
Magical Staves
 a - a staff of fire
   (You found it on level 3 of the Elven Halls)
 w - a staff of conjuration (weapon)
   (You found it on level 11 of the Dungeon)
 x - a staff of death
   (You found it on level 5 of the Vaults)
Jewellery
 c - an amulet of reflection (around neck)
   (You found it on level 1 of the Dungeon)
 e - the ring of the Hairy Dragonfruit (right hand) {Wiz rF+ rC+ Will++, =R}
   (You took it off a merfolk on level 4 of the Shoals)

   [ring of wizardry]

   It improves your spell success rate.
   rF:        It protects you from fire.
   rC:        It protects you from cold.
   Will:      It greatly increases your willpower.
 h - an amulet of magic regeneration
   (You found it on level 2 of the Elven Halls)
 k - the ring of Kidoxuy (left hand) {rC+ rCorr MP+9 Slay+2}
   (You found it in a treasure trove)

   [ring of magical power]

   Slay:      It affects your accuracy & damage with ranged weapons and melee
   (+2).
   rC:        It protects you from cold.
   MP:        It affects your magic capacity (+9).
   rCorr:     It protects you from acid and corrosion.
 A - the ring "Tikhleep" {rElec Will+ rCorr Str+2 Slay+3}
   (You found it in a treasure trove)

   [ring of resist corrosion]

   Str:       It affects your strength (+2).
   Slay:      It affects your accuracy & damage with ranged weapons and melee
   (+3).
   rElec:     It insulates you from electricity.
   rCorr:     It protects you from acid and corrosion.
   Will:      It increases your willpower.
 G - the ring of Erchorr {rElec rF++ rN+ rCorr Dex+2}
   (You found it in the Desolation of Salt)

   [ring of resist corrosion]

   Dex:       It affects your dexterity (+2).
   rF:        It greatly protects you from fire.
   rElec:     It insulates you from electricity.
   rN:        It protects you from negative energy.
   rCorr:     It protects you from acid and corrosion.
Wands
 t - a wand of digging (31)
   (You took it off Eustachio on level 4 of the Dungeon)
 u - a wand of iceblast (17) (quivered)
   (You found it on level 1 of the Snake Pit)
 E - a wand of acid (22)
   (You found it on level 6 of the Dungeon)
Scrolls
 g - 3 scrolls of fear
 j - 7 scrolls of fog
 n - 2 scrolls of blinking
 C - 2 scrolls of holy word
 H - 12 scrolls of magic mapping
 I - 32 scrolls of teleportation {@r4}
 R - 4 scrolls of summoning
Potions
 b - 8 potions of might
 d - 9 potions of haste {@q3}
 i - 9 potions of cancellation
 m - 4 potions of invisibility
 v - 18 potions of curing {@q1}
 B - 3 potions of resistance
 J - 4 potions of magic
 M - 9 potions of mutation {!q}
 S - 11 potions of brilliance
 U - 9 potions of lignification {!q}
 V - 2 potions of heal wounds {@q2}
 X - 3 potions of ambrosia
Miscellaneous
 r - a condenser vane
   (You found it on level 3 of the Elven Halls)
 F - a box of beasts
   (You found it on level 3 of the Elven Halls)
 W - a lightning rod (4/4) {!a}
   (You found it in a Gauntlet)
 Y - a phantom mirror
   (You found it on level 6 of the Lair of Beasts)


   Skills:
 + Level 14.7 Fighting
 - Level 10.4(12.3) Polearms
 - Level 10.7(12.5) Staves
 - Level 16.0 Armour
 - Level 13.0 Dodging
 + Level 9.6 Stealth
 - Level 15.0 Shields
 + Level 11.2 Spellcasting
 * Level 17.7 Conjurations
 * Level 7.5 Summonings
 + Level 9.6 Necromancy
 - Level 11.4 Translocations
 - Level 12.0 Transmutations
 * Level 15.4 Fire Magic
 - Level 8.0 Air Magic
 - Level 5.0 Poison Magic
 - Level 8.0 Evocations


You had 17 spell levels left.
You knew the following spells:

 Your Spells              Type           Power      Damage    Failure   Level
a - Scorch                Fire           100%       2d10      1%          2
b - Poisonous Vapours     Pois/Air       100%       N/A       1%          2
c - Ignite Poison         Fire/Tmut/Pois 100%       N/A       1%          3
d - Irradiate             Conj/Tmut      71%        3d37      1%          5
e - Lightning Bolt        Conj/Air       67%        1d92      1%          5
z - Dispel Undead         Necr           98%        3d31      1%          4
B - Blink                 Tloc           100%       N/A       1%          2
C - Mephitic Cloud        Conj/Pois/Air  100%       N/A       1%          3
S - Sublimation of Blood  Necr           98%        N/A       1%          2

Your spell library contained the following spells:

 Spells                   Type           Power      Damage    Failure   Level
 Foxfire                  Conj/Fire      100%       2x1d9     0%          1
 Magic Dart               Conj           100%       1d8       0%          1
 Searing Ray              Conj           100%       2d8       0%          2
 Animate Skeleton         Necr           100%       N/A       1%          1
 Apportation              Tloc           100%       N/A       1%          1
 Beastly Appendage        Tmut           100%       N/A       1%          1
 Shock                    Conj/Air       100%       1d9       1%          1
 Summon Small Mammal      Summ           100%       N/A       1%          1
 Call Imp                 Summ           88%        N/A       1%          2
 Corpse Rot               Necr/Air       100%       N/A       1%          2
 Passwall                 Tmut/Erth      66%        N/A       1%          2
 Wereblood                Tmut           100%       N/A       1%          2
 Call Canine Familiar     Summ           88%        N/A       1%          3
 Conjure Flame            Conj/Fire      100%       6-21      1%          3
 Dazzling Flash           Conj/Hex       100%       N/A       1%          3
 Inner Flame              Hex/Fire       89%        N/A       1%          3
 Lesser Beckoning         Tloc           100%       N/A       1%          3
 Spider Form              Tmut/Pois      93%        N/A       1%          3
 Swiftness                Air            91%        N/A       1%          3
 Vampiric Draining        Necr           98%        2d13      1%          3
 Animate Dead             Necr           49%        N/A       1%          4
 Flame Wave               Conj/Fire      100%       2d17      1%          4
 Fulminant Prism          Conj/Hex       58%        3d25      1%          4
 Hailstorm                Conj/Ice       100%       3d20      1%          4
 Iskenderun's Mystic Bla  Conj/Tloc      100%       2d19      1%          4
 Passage of Golubria      Tloc           100%       N/A       1%          4
 Sticky Flame             Conj/Fire      100%       2d11      1%          4
 Blade Hands              Tmut           53%        N/A       1%          5
 Iskenderun's Battlesphe  Conj           100%       2d15      1%          5
 Manifold Assault         Tloc           100%       N/A       1%          5
 Starburst                Conj/Fire      74%        6d19      1%          6
 Portal Projectile        Hex/Tloc       100%       N/A       2%          3
 Airstrike                Air            45%        N/A       2%          4
 Summon Lightning Spire   Summ/Air       89%        N/A       3%          4
 Summon Guardian Golem    Hex/Summ       67%        N/A       4%          3
 Excruciating Wounds      Necr           49%        N/A       4%          5
 Alistair's Intoxication  Tmut/Pois      62%        N/A       6%          5
 Freezing Cloud           Conj/Ice/Air   58%        6-21      6%          5
 Freeze                   Ice            100%       1d11      8%          1
 Slow                     Hex            100%       N/A       8%          1
 Anguish                  Hex/Necr       36%        N/A       11%         4
 Ensorcelled Hibernation  Hex/Ice        64%        N/A       12%         2
 Animate Armour           Summ/Erth      100%       N/A       16%         4
 Yara's Violent Unravell  Hex/Tmut       40%        3d16      17%         5
 Death Channel            Necr           49%        N/A       21%         6
 Confusing Touch          Hex            32%        N/A       22%         3
 Frozen Ramparts          Ice            64%        1d8       22%         3
 Tukima's Dance           Hex            32%        N/A       22%         3
 Borgnjor's Vile Clutch   Necr/Erth      36%        N/A       26%         5
 Iron Shot                Conj/Erth      58%        9d11      28%         6
 Spellforged Servitor     Conj/Summ      67%        N/A       32%         7
 Silence                  Hex/Air        34%        N/A       36%         5
 Dragon Form              Tmut           53%        N/A       41%         7
 Summon Cactus Giant      Summ           44%        N/A       45%         6
 Leda's Liquefaction      Hex/Erth       16%        N/A       56%         4
 Statue Form              Tmut/Erth      53%        N/A       65%         6
 Malign Gateway           Summ/Tloc      48%        N/A       75%         7
 Simulacrum               Ice/Necr       36%        N/A       80%         6
 Lee's Rapid Deconstruct  Erth           16%        3d11*     87%         5
 Summon Hydra             Summ           44%        N/A       94%         7
 Lehudib's Crystal Spear  Conj/Erth      58%        10d14     100%        8
 Summon Horrible Things   Summ           44%        N/A       100%        8
 Chain Lightning          Conj/Air       67%        3d90      100%        9
 Fire Storm               Conj/Fire      74%        8d19      100%        9
 Polar Vortex             Ice            16%        N/A       100%        9
 Shatter                  Erth           16%        3d15*     100%        9


Dungeon Overview and Level Annotations

Branches:
Dungeon (15/15)            Temple (0/1) D:6            Lair (6/6) D:10
 Shoals (4/4) Lair:2        Snake (4/4) Lair:3        Slime (0/5) Lair:6
    Orc (2/2) D:9             Elf (3/3) Orc:2        Vaults (5/5) D:14
  Crypt (3/3) Vaults:3       Tomb (0/3) Crypt:3      Depths (4/4) D:15
   Hell (visited)             Zot (0/5) Depths:4     Bailey (visited)
Volcano (visited)          WizLab (visited)         Desolation (visited)
Gauntlet (visited)
    Dis: Hell:1         Geh: Hell:1         Coc: Hell:1         Tar: Hell:1

Shops:
D:5 (   D:6 (   D:14 (   Orc:2 :(*(   Elf:2 *?*(?   Snake:3 [   Snake:4 *
Vaults:2 *   Vaults:4 (   Vaults:5 *   Depths:1 *   Depths:4 ****

Portals:
Hell: Depths:1 Depths:2 Depths:3 Depths:4
Abyss: Depths:3
Pandemonium: Depths:2
Ziggurat: Depths:1


Innate Abilities, Weirdness & Mutations

You have an increased reservoir of magic. (+10% MP)
You shall have no god before yourself.
Your divine heritage dramatically boosts your attributes as you level up.
You possess an exceptional clarity of mind.
You are dopey. (Int -2)
You are covered in fur. (AC +1)
You sometimes lose the ability to read scrolls when taking damage.


Message History

A reaper comes into view.
It is wielding a +3 scythe of distortion.
The searing wretch claws you but does no damage.
The searing wretch claws you. The searing wretch closely misses you.
The hell hog bites you but does no damage.
The shard shrike zombie claws you but does no damage.
A sea snake skeleton comes into view.
A seven-headed hydra skeleton comes into view.
The dire elephant simulacrum tramples you but does no damage.
You block the dire elephant simulacrum's attack.
You block the soul eater's attack. You block the sun demon's attack.
There is a gateway back to the Dungeon, spattered with blood here.
The shard shrike zombie claws you. The shard shrike zombie claws you!
You block the hell hog's attack.
The searing wretch completely misses you.
You block the searing wretch's attack. x2
The orange demon stings you from afar.
The shard shrike zombie closely misses you.
The hell hog closely misses you.
The sun demon hits you but does no damage.
The dire elephant simulacrum tramples you.
You hold your ground!
The dire elephant simulacrum trunk-slaps you.
The dire elephant simulacrum freezes you!
You resist. The phantasmal warrior gestures at you.
The phantasmal warrior blinks!
Thank you for visiting Hell.
Please come again soon.
You fly up through the gate.
Welcome back to the Depths!
There is a gateway to Hell, spattered with blood here.
You feel a surge of power!
You erupt in a fountain of uncontrolled magic!
The searing wretch is blasted with magical radiation!!
The sun demon is blasted with magical radiation!!
The sun demon twists and deforms.
The hell hog is blasted with magical radiation!!!
You kill the hell hog!
You are very lightly contaminated with residual magic.
You block the searing wretch's attack. x2
The searing wretch bites you but does no damage.
You block the sun demon's attack.
You barely miss the searing wretch. The searing wretch claws you!
You are engulfed in flames!
You resist.
You block the searing wretch's attack. x2
The sun demon hits you but does no damage.
You feel a surge of power!
You erupt in a fountain of uncontrolled magic!
The searing wretch is blasted with magical radiation!!
The sun demon is blasted with magical radiation!!
You kill the sun demon!
You block the searing wretch's attack.
The searing wretch claws you but does no damage.
The searing wretch misses you.
You hit the searing wretch but do no damage.
You blast the searing wretch!
You block the searing wretch's attack. The searing wretch claws you!
You feel threatened and lose the ability to read scrolls!
The searing wretch completely misses you.
You hit the searing wretch but do no damage.
You blast the searing wretch!!
You block the searing wretch's attack. The searing wretch claws you!
The searing wretch completely misses you.
You feel a surge of power!
You erupt in a fountain of uncontrolled magic!
The searing wretch is blasted with magical radiation!!!
You destroy the searing wretch!
You start resting.
You can read scrolls again.
You start resting.
You start resting.
Your magical contamination has completely faded away.
You start resting.
You feel clever all of a sudden.
You fly down through the gate.
Welcome back to the Vestibule of Hell!
You block the sea snake zombie's attack.
The shard shrike zombie claws you but does no damage.
The sea snake zombie bites you but does no damage.
The soul eater hits you but does no damage.
You block the searing wretch's attack.
The searing wretch completely misses you.
You block the searing wretch's attack.
The dire elephant simulacrum tramples you but does no damage.
The dire elephant simulacrum barely misses you.
The sea snake zombie closely misses you.
The reaper hits you from afar with a +1 scythe of venom.
The orange demon barely misses you.
There is a gateway back to the Dungeon, spattered with blood here.
You feel a strong surge of power!
You erupt in a fountain of uncontrolled magic!
The soul eater is blasted with magical radiation!!!!
You kill the soul eater!
The searing wretch is blasted with magical radiation!
The dire elephant simulacrum is blasted with magical radiation!!!
The sea snake zombie is blasted with magical radiation!!!!
You destroy the sea snake zombie!
The sea snake zombie is blasted with magical radiation!!
The shard shrike zombie is blasted with magical radiation!!!
The searing wretch is blasted with magical radiation!!
You are very lightly contaminated with residual magic.
You block the shard shrike zombie's attack. x2
You block the sea snake zombie's attack.
The searing wretch barely misses you. The searing wretch claws you!
The searing wretch barely misses you.
The orange demon stings you but does no damage.
The searing wretch claws you!
You are engulfed in flames!
You resist. The searing wretch claws you!
The searing wretch closely misses you. You block the reaper's attack.
The orange demon stings you but does no damage.
You block the anaconda simulacrum's attack. x2
You block the sea snake zombie's attack.
The searing wretch claws you!
You feel threatened and lose the ability to read scrolls!
You are engulfed in flames!
You resist.
The searing wretch claws you but does no damage.
The searing wretch closely misses you. The orange demon misses you.
You block the searing wretch's attack. The searing wretch claws you!
* * * LOW HITPOINT WARNING * * *
The searing wretch bites you but does no damage.
The anaconda simulacrum barely misses you.
The anaconda simulacrum bites you but does no damage.
The reaper hits you but does no damage.
You are poisoned.
You block the orange demon's attack.
The hell rat bites you but does no damage.
Thank you for visiting Hell.
Please come again soon.
You fly up through the gate.
Welcome back to the Depths!
You feel very sick.
There is a gateway to Hell, spattered with blood here.
You feel a strong surge of power!
You erupt in a fountain of uncontrolled magic!
The hell rat is blasted with magical radiation!!
You kill the hell rat!
The phantasmal warrior is blasted with magical radiation!!!
You destroy the phantasmal warrior!
The searing wretch is blasted with magical radiation!!
The searing wretch is blasted with magical radiation!!!
You feel sick. The searing wretch claws you.
* * * LOW HITPOINT WARNING * * *
You are engulfed in flames!
You resist.
* * * LOW HITPOINT WARNING * * *
You block the searing wretch's attack.
The searing wretch bites you but does no damage.
The searing wretch claws you!
* * * LOW HITPOINT WARNING * * *
You are engulfed in flames!
You resist.
* * * LOW HITPOINT WARNING * * *
You block the searing wretch's attack.
The searing wretch bites you but does no damage.
You feel sick. The searing wretch claws you!!
* * * LOW HITPOINT WARNING * * *
You are engulfed in flames!
You resist.
You die...

.'.....# ##..[.§§≈§...##
.#.....####....(§≈§≈....###
.#####.##.....§§≈§≈≈≈≈....#
#..#.####.....§≈§§≈≈≈≈≈...#
####.'..#......§§≈§§≈≈≈≈§.#
.#...#..#...§≈≈§≈[§§≈≈≈≈§≈#
##...####..≈≈§§≈..§§§≈§§≈≈#
#.....#.###.§§§≈.n.≈≈≈§≈###
#.....'.# ####≈≈@n≈≈≈####
#....##.# ###§≈≈###
###..#..# ##### ..#..##'#
..'...+.# #######.# #.# ###


You could see 2 searing wretches.

Vanquished Creatures
  3 dread liches (Vaults:5)
  An ancient lich (Vaults:5)
  Sojobo (Crypt:2)
  A juggernaut (Depths:3)
  Margery (Vaults:4)
  9 caustic shrikes (Depths:3)
  Xtahua (Depths:3)
  Saint Roka (Elf:3)
  Geryon (Hell)
  the Enchantress (Depths:1)
  5 golden dragons
  2 bone dragons
  An electric golem (WizLab)
  Mlioglotl (Shoals:2)
  A spectral shard shrike (Crypt:3)
  2 walking crystal tomes (Depths:3)
  7 tentacled monstrosities
  6 searing wretches (Depths:1)
  7 titans
  2 deep elf master archers (Elf:3)
  A walking frostbound tome (Depths:3)
  3 liches
  5 deep elf blademasters
  A walking divine tome (Depths:1)
  2 quicksilver dragons
  6 ancient champions
  5 krakens (Shoals:1)
  Kirke (Shoals:4)
  Polyphemus (Shoals:4)
  4 sphinxes
  5 shadow dragons
  Donald (Snake:4)
  10 tengu reavers
  5 nagarajas (Snake:4)
  3 revenants (Crypt:3)
  The ghost of Dasesuj the Grappler, a journeyman OgTm of Okawaru (D:14)
  A draconian knight (Depths:4)
  A storm dragon (Vaults:4)
  A draconian monk (Depths:4)
  2 orc warlords
  12 fire giants
  4 imperial myrmidons (Desolation)
  An iron dragon (Depths:3)
  10 deep elf sorcerers
  2 balrugs
  15 frost giants
  A spectral caustic shrike (Crypt:3)
  A spectral juggernaut (Crypt:3)
  15 vault wardens
  2 ghouls (Crypt:3)
  2 cacodemons (Depths:1)
  A reaper (Crypt:3)
  Louise (Shoals:2)
  21 ironbound preservers
  A draconian stormcaller (Depths:4)
  A curse skull (Crypt:1)
  3 deep elf elementalists (Elf:3)
  5 spriggan defenders
  2 angels (Vaults:4)
  The ghost of spica the Severer, a journeyman MiBe of Trog (Lair:4)
  2 war gargoyles
  24 very ugly things
  18 stone giants
  7 vampire knights
  14 ironbound thunderhulks
  2 halazid warlocks (Desolation)
  A minotaur (Gauntlet)
  5 deep elf demonologists
  Azrael (D:13)
  A black draconian (Depths:4)
  3 dire elephants (Vaults:3)
  2 purple draconians (Depths:4)
  3 red draconians
  12 deep elf annihilators
  11 deep elf death magi
  A white draconian (Depths:4)
  2 spectral titans (Crypt:3)
  9 eidola
  6 spark wasps
  A spectral quicksilver dragon (Crypt:3)
  Snorg (Lair:4)
  Josephine (Shoals:1)
  A blizzard demon (Depths:2)
  16 ettins
  9 merfolk impalers
  8 merfolk javelineers
  9 ragged hierophants (Desolation)
  12 yaktaur captains
  3 crystal guardians
  An iron golem (Depths:1)
  6 deep elf high priests
  7 fire dragons
  14 great orbs of eyes
  10 ice dragons
  12 peacekeepers
  26 vault guards
  2 spectral fenstrider witches (Crypt:3)
  Harold (D:11)
  2 rakshasas
  4 servants of whispers (Desolation)
  A quicksilver dragon skeleton (Crypt:1)
  A catoblepas (shapeshifter) (Vaults:5)
  11 hydras
  A spectral shadow dragon (Crypt:3)
  13 naga warriors
  2 salamander tyrants (WizLab)
  5 ogre magi
  2 boulder beetles
  2 alligator snapping turtles (Shoals:4)
  7 spriggan air magi
  16 centaur warriors
  9 ironbound frosthearts
  7 catoblepae
  6 death knights
  15 anacondas
  7 merfolk aquamancers
  15 two-headed ogres
  2 hell hogs (Depths:1)
  5 merfolk avatars
  17 death yaks
  9 deep troll shamans
  6 deep troll earth magi
  A satyr (Shoals:4)
  A two-headed ogre (shapeshifter) (Depths:1)
  33 dancing weapons
  9 spriggan berserkers
  12 tengu warriors
  8 vampire magi
  12 naga sharpshooters
  Urug (D:13)
  8 hell knights
  8 sun demons
  2 spectral dire elephants (Crypt:3)
  4 soul eaters
  3 spectral storm dragons (Crypt:3)
  Nergalle (D:12)
  6 orc high priests
  Sonja (D:11)
  3 storm dragon zombies
  24 deep elf knights
  A sixfirhy (Hell)
  6 iron trolls
  8 shadow wraiths
  17 skeletal warriors
  5 salamander mystics
  16 sea snakes
  A glowing orange brain (shapeshifter) (Vaults:1)
  3 glowing orange brains
  62 deep trolls
  A ghost moth zombie (Crypt:1)
  2 swamp dragons (shapeshifter)
  7 naga ritualists
  A steelbarb worm (shapeshifter) (Vaults:5)
  A tengu zombie (Depths:1)
  2 bog bodies (Crypt:3)
  A death drake (shapeshifter) (Depths:1)
  Pikel (D:8)
  10 flayed ghosts
  A bunyip skeleton (Crypt:2)
  11 deep elf archers
  21 phantasmal warriors
  17 ironbound convokers
  7 lindwurms
  32 deep elf pyromancers
  9 necromancers
  10 wizards
  5 harpies
  28 deep elf zephyrmancers
  A mana viper (shapeshifter) (D:13)
  11 mana vipers
  36 ugly things
  8 orc knights
  3 fauns (Shoals:2)
  8 cyclopes
  4 oklob plants
  3 orc sorcerers
  6 moths of wrath (Orc:1)
  21 manticores
  A goliath frog zombie (Crypt:1)
  A spectral alligator snapping turtle (Crypt:3)
  18 salamanders
  3 spectral centaurs (Crypt:3)
  A worldbinder (Gauntlet)
  25 vault sentinels
  11 guardian serpents
  An orc zombie (Hell)
  15 merfolk sirens
  A titan simulacrum (Depths:1)
  44 black mambas
  3 smoke demons
  17 naga magi
  7 molten gargoyles
  9 gargoyles
  5 water nymphs
  A demonic crawler (Depths:1)
  An elephant slug zombie (Crypt:2)
  8 cane toads
  An unseen horror (shapeshifter) (D:15)
  4 komodo dragons
  2 rime drakes
  An efreet (Volcano)
  17 freezing wraiths
  A sea snake zombie (Hell)
  26 yaktaurs
  A hellwing (Depths:2)
  2 spectral harpies (Crypt:3)
  5 guardian mummies (Crypt:3)
  A sea snake skeleton (Crypt:2)
  2 spectral nagas (Crypt:3)
  2 tengu conjurers
  48 merfolk
  2 trolls (shapeshifter)
  A pale draconian skeleton (Crypt:2)
  A silent spectre (Orc:1)
  5 polar bears
  6 wind drakes
  A wolf spider simulacrum (D:14)
  7 snapping turtles
  6 trolls
  61 saltlings (Desolation)
  36 slime creatures
  2 hornets (Depths:2)
  A culicivora zombie (Crypt:1)
  10 dream sheep
  12 blink frogs
  A vampire (D:14)
  A culicivora (shapeshifter) (Vaults:5)
  A shadow (Crypt:3)
  A dire elephant simulacrum (Hell)
  3 spriggans
  18 wraiths
  A yak (shapeshifter) (Elf:2)
  5 wyverns
  3 hogs (Shoals:4)
  12 water elementals
  61 yaks
  A neqoxec (Depths:2)
  Eustachio (D:4)
  4 basilisks
  8 fire elementals
  A golden eye (shapeshifter) (Elf:3)
  5 vampire mosquitoes
  A chaos spawn (Depths:2)
  Menkaure (D:5)
  34 nagas
  An acid dragon (D:12)
  A naga (shapeshifter) (Vaults:4)
  Edmund (D:5)
  A merfolk zombie (Crypt:2)
  6 wargs
  17 water moccasins
  A floating eye (Depths:1)
  2 hell hounds (D:13)
  36 orc warriors
  An ettin simulacrum (Hell)
  A faun skeleton (Crypt:3)
  A manticore zombie (Crypt:2)
  2 necrophages
  A water nymph skeleton (Crypt:2)
  An ice beast (shapeshifter) (Vaults:5)
  4 ice beasts (D:9)
  A sky beast (D:5)
  2 black bears (D:4)
  14 ogres
  6 wolves
  2 boggarts (Gauntlet)
  24 centaurs
  A snapping turtle skeleton (Crypt:2)
  A blink frog skeleton (Crypt:1)
  A phantom (D:7)
  2 lemures (D:8)
  Blork the orc (D:5)
  2 kobold brigands
  17 bullfrogs
  A palentonga skeleton (Crypt:3)
  3 scorpions
  2 earth elementals
  A rime drake skeleton (Crypt:3)
  A water moccasin zombie (D:6)
  A yak zombie (Crypt:1)
  5 killer bees (D:8)
  A queen bee zombie (Crypt:1)
  A yak skeleton (Crypt:1)
  A howler monkey (D:9)
  4 electric eels
  8 centaur zombies
  5 jellies
  A black bear zombie (Crypt:3)
  3 hounds
  2 bullfrog zombies (D:6)
  5 centaur skeletons
  37 orc priests
  2 gnoll shamans
  3 bullfrog skeletons
  5 iguanas
  40 orc wizards
  2 lightning spires (WizLab)
  A hell rat (Depths:1)
  A killer bee zombie (D:6)
  3 centaur simulacra
  A sky beast zombie (Crypt:3)
  A hound skeleton (D:5)
  7 mummies (Crypt:3)
  2 howler monkey zombies
  13 gnolls
  2 adders
  A shadow imp (D:6)
  3 white imps (D:9)
  5 ufetubi
  A worm zombie (Crypt:3)
  A halfling skeleton (Crypt:3)
  3 worms
  2 dart slugs
  94 orcs
  5 bats
  5 endoplasms
  4 giant cockroaches
  13 goblins
  10 hobgoblins
  2 quokkas
  5 ball pythons
  2 frilled lizards (D:1)
  A frilled lizard zombie (Crypt:2)
  31 kobolds
  A quokka skeleton (Crypt:1)
  12 rats
  A river rat skeleton (Crypt:1)
  A foxfire (Bailey)
  3 tentacles (Shoals:1)
2288 creatures vanquished.

Vanquished Creatures (collateral kills)
  A crystal guardian (WizLab)
  3 peacekeepers (WizLab)
  A gargoyle (WizLab)
  An earth elemental (WizLab)
6 creatures vanquished.

Vanquished Creatures (others)
  A fire giant (Depths:3)
  A hell knight (Depths:3)
  A deep elf zephyrmancer (Elf:1)
  A deep elf pyromancer (Elf:2)
  14 demonic plants (Gauntlet)
  611 foxfires
  15 fungi
  100 plants
  38 tentacles (Shoals:1)
782 creatures vanquished.

Grand Total: 3076 creatures vanquished

Notes
Turn   | Place    | Note
-------+----------+-------------------------------------------
     0 | D:1      | CryoSword the Demigod Fire Elementalist began the quest for
                  | the Orb.
     0 | D:1      | Reached XP level 1. HP: 14/14 MP: 5/5
   109 | D:1      | Reached skill level 1 in Conjurations
   273 | D:1      | Reached XP level 2. HP: 20/20 MP: 5/7
   276 | D:1      | Learned a level 2 spell: Scorch
  1338 | D:1      | Reached XP level 3. HP: 19/26 MP: 1/8
  2088 | D:2      | Reached skill level 2 in Conjurations
  3179 | D:3      | Reached XP level 4. HP: 33/33 MP: 6/9
  3668 | D:4      | Noticed a black bear
  3682 | D:4      | Identified the +1 pair of boots of the Unbroken {Harm rN+
                  | Will+}
  3766 | D:4      | Killed a black bear
  3767 | D:4      | Reached skill level 3 in Conjurations
  3767 | D:4      | Reached XP level 5. HP: 39/39 MP: 2/11
  3878 | D:4      | Reached skill level 1 in Fighting
  4051 | D:4      | Learned a level 2 spell: Poisonous Vapours
  4055 | D:4      | Learned a level 3 spell: Ignite Poison
  4125 | D:4      | Noticed a black bear
  4131 | D:4      | Killed a black bear
  4132 | D:4      | Reached XP level 6. HP: 42/47 MP: 3/12
  4397 | D:4      | Noticed Eustachio
  4405 | D:4      | Killed Eustachio
  4446 | D:3      | Reached skill level 1 in Air Magic
  4731 | D:4      | Reached skill level 1 in Poison Magic
  4746 | D:4      | Reached skill level 4 in Conjurations
  4746 | D:4      | Reached skill level 1 in Transmutations
  4746 | D:4      | Reached XP level 7. HP: 53/53 MP: 7/14
  5181 | D:4      | Reached skill level 5 in Fire Magic
  5826 | D:5      | Entered Level 5 of the Dungeon
  6196 | D:5      | Reached XP level 8. HP: 62/62 MP: 10/16
  6302 | D:5      | Found Fipopeos's Weapon Emporium.
  6304 | D:5      | Noticed Blork the orc
  6310 | D:5      | Killed Blork the orc
  6396 | D:5      | Noticed Menkaure
  6401 | D:5      | Killed Menkaure
  6402 | D:5      | Reached skill level 5 in Conjurations
  6775 | D:5      | Noticed Edmund
  6781 | D:5      | Killed Edmund
  7060 | D:5      | Learned a level 3 spell: Mephitic Cloud
  7098 | D:6      | Reached skill level 5 in Dodging
  7430 | D:6      | Reached XP level 9. HP: 68/68 MP: 2/17
  7558 | D:6      | Found a staircase to the Ecumenical Temple.
  7671 | D:6      | Found Qesk's Antique Weapon Shoppe.
  7871 | D:6      | Reached skill level 10 in Dodging
  8463 | D:7      | Found a flagged portal.
  8517 | Bailey   | Entered a bailey
  8653 | Bailey   | Noticed an orc warlord
  8853 | Bailey   | Found a runed translucent gate.
  8856 | Bailey   | Found a runed translucent gate.
  8857 | Bailey   | Found a runed translucent gate.
  9502 | Bailey   | Killed an orc warlord
  9707 | D:7      | Reached skill level 8 in Conjurations
  9707 | D:7      | Reached XP level 10. HP: 74/74 MP: 18/18
  9708 | D:7      | Reached XP level 11. HP: 89/89 MP: 18/24
  9714 | D:7      | Learned a level 4 spell: Flame Wave
  9719 | D:7      | Learned a level 4 spell: Sticky Flame
 10309 | D:7      | Reached XP level 12. HP: 87/96 MP: 23/25
 10759 | D:7      | Found a runed translucent door.
 12198 | D:8      | Noticed Pikel
 12207 | D:8      | Killed Pikel
 13416 | D:9      | Found a staircase to the Orcish Mines.
 13784 | D:10     | Entered Level 10 of the Dungeon
 14013 | D:9      | Reached skill level 5 in Stealth
 15056 | D:10     | Found a staircase to the Lair.
 15883 | D:11     | Reached skill level 9 in Conjurations
 16249 | D:11     | Noticed a boulder beetle
 16279 | D:11     | Killed a boulder beetle
 16583 | D:11     | Noticed Sonja
 16588 | D:11     | Killed Sonja
 16639 | D:11     | Noticed Harold
 16643 | D:11     | Killed Harold
 17391 | D:10     | Reached XP level 13. HP: 56/105 MP: 27/28
 17642 | Lair:1   | Entered Level 1 of the Lair of Beasts
 18045 | Lair:1   | Reached skill level 1 in Armour
 18228 | Lair:1   | Reached skill level 1 in Staves
 18228 | Lair:1   | Reached skill level 1 in Evocations
 19083 | Lair:2   | Found a gate leading to a gauntlet.
 19109 | Gauntlet | Entered a Gauntlet
 19109 | Gauntlet | Found a transporter.
 19109 | Gauntlet | Found a transporter.
 19113 | Gauntlet | Found a transporter.
 19114 | Gauntlet | Found a transporter.
 19123 | Gauntlet | Found a transporter.
 19127 | Gauntlet | Found a transporter.
 19139 | Gauntlet | Found a transporter.
 19145 | Gauntlet | Found a transporter.
 19166 | Gauntlet | Found a transporter.
 19168 | Gauntlet | Found a transporter.
 19179 | Gauntlet | Found a transporter.
 19182 | Gauntlet | Found a transporter.
 19336 | Gauntlet | Identified the amulet of Sunlight {Acrobat rElec Int+3}
 19542 | Gauntlet | Noticed a purple very ugly thing
 19545 | Gauntlet | Noticed a red very ugly thing
 19547 | Gauntlet | Noticed a brown very ugly thing
 19894 | Gauntlet | Identified the ring "Kutet" {rF+ rCorr Dex+3}
 19894 | Gauntlet | Noticed a minotaur
 19926 | Gauntlet | Killed a minotaur
 20076 | Gauntlet | Identified the +0 leather armour of Divine Compulsion
                  | {-Tele Str+4}
 20400 | Lair:2   | Found a staircase to the Shoals.
 21374 | Lair:2   | Found the +7 Spriggan's Knife {stab, EV+4 Stlth+}
 21898 | Lair:3   | Reached skill level 5 in Armour
 22031 | Lair:3   | Found a dark tunnel.
 22050 | Volcano  | Entered a volcano
 23285 | Volcano  | Noticed a red draconian
 23343 | Volcano  | Killed a red draconian
 23576 | Volcano  | Noticed an orb of fire
 23581 | Volcano  | Reached skill level 5 in Evocations
 23976 | Volcano  | Noticed an orb of fire
 24307 | Lair:3   | Found a staircase to the Snake Pit.
 25302 | Lair:4   | Noticed Snorg
 25309 | Lair:4   | Reached skill level 5 in Staves
 25315 | Lair:4   | Killed Snorg
 25756 | Lair:4   | Reached XP level 14. HP: 116/116 MP: 22/29
 25867 | Lair:4   | Found a runed translucent gate.
 25867 | Lair:4   | Found a runed translucent gate.
 25867 | Lair:4   | Found a runed translucent gate.
 25869 | Lair:4   | Noticed spica's ghost (journeyman MiBe)
 27174 | Lair:6   | Entered Level 6 of the Lair of Beasts
 28644 | Lair:6   | Found a staircase to the Slime Pits.
 30625 | D:12     | You fall into a shaft and drop 3 floors!
 30625 | D:15     | Entered Level 15 of the Dungeon
 30721 | D:14     | Found a runed translucent door.
 30722 | D:14     | Noticed Dasesuj's ghost (journeyman OgTm)
 30723 | D:14     | Identified the +1 triple sword of Husevuca {chaos, rPois
                  | rC- Will+ Str+7}
 30922 | D:14     | Reached skill level 1 in Shields
 31313 | D:13     | Noticed Azrael
 31384 | D:13     | Killed Azrael
 32063 | D:12     | Reached skill level 5 in Shields
 32150 | D:12     | Reached XP level 15. HP: 113/125 MP: 3/30
 32951 | D:12     | Noticed Nergalle
 32955 | D:12     | Killed Nergalle
 33373 | D:13     | Noticed Urug
 33384 | D:13     | Killed Urug
 35132 | D:14     | Found Mamatwu's Weapon Boutique.
 35430 | D:14     | Reached skill level 10 in Fire Magic
 35621 | D:14     | Found a gate to the Vaults.
 37684 | D:15     | Found a staircase to the Depths.
 37967 | Orc:1    | Entered Level 1 of the Orcish Mines
 38308 | Orc:1    | Found the necklace of Bloodlust {*Rage Will++ Int-3 Slay+6}
 38330 | Orc:2    | Entered Level 2 of the Orcish Mines
 38754 | Orc:2    | Reached skill level 1 in Polearms
 39364 | Orc:2    | Reached skill level 10 in Conjurations
 39814 | Orc:2    | Found Fuoloal's General Store.
 39814 | Orc:2    | Found Vatauh's Book Emporium.
 39815 | Orc:2    | Found Xaeteogh's Antique Weapon Emporium.
 39819 | Orc:2    | Found Wisoilas's Weapon Shoppe.
 39822 | Orc:2    | Bought a potion of cancellation for 104 gold pieces
 39883 | Orc:2    | Bought a book of Blood for 308 gold pieces
 39886 | Orc:2    | Learned a level 2 spell: Sublimation of Blood
 40047 | Orc:2    | Found a staircase to the Elven Halls.
 40313 | Orc:2    | Bought a wand of digging (6) for 260 gold pieces
 40313 | Orc:2    | Bought a scroll of teleportation for 39 gold pieces
 40795 | Orc:1    | Found a transporter.
 41102 | Orc:1    | Found a transporter.
 41110 | Orc:1    | Found a runed translucent door.
 41133 | Orc:1    | HP: 3/187 [ettin/+0 dire flail (21)]
 41136 | Orc:1    | Reached skill level 1 in Necromancy
 41136 | Orc:1    | Reached XP level 16. HP: 5/132 MP: 31/31
 41530 | Orc:1    | Identified the +0 plate armour "Torye" {rF+ Int+2}
 42101 | Shoals:1 | Entered Level 1 of the Shoals
 42222 | Shoals:1 | Noticed Josephine
 42264 | Shoals:1 | Killed Josephine
 42690 | Shoals:1 | Noticed a kraken
 42701 | Shoals:1 | Killed a kraken
 42702 | Shoals:1 | Reached skill level 10 in Staves
 43111 | Shoals:1 | Learned a level 4 spell: Dispel Undead
 43233 | Shoals:1 | Noticed a kraken
 43256 | Shoals:1 | Killed a kraken
 43446 | Shoals:1 | Noticed a kraken
 43476 | Shoals:1 | Killed a kraken
 43577 | Shoals:1 | Found a runed translucent door.
 43585 | Shoals:1 | Noticed a kraken
 43605 | Shoals:1 | Noticed a kraken
 43609 | Shoals:1 | Killed a kraken
 44394 | Shoals:1 | Killed a kraken
 44813 | Shoals:2 | Reached skill level 10 in Fighting
 45164 | Shoals:2 | Identified the +0 tower shield of a wizard's laboratory
                  | {rPois rCorr Slay+4}
 45164 | Shoals:2 | Noticed Louise
 45172 | Shoals:2 | Killed Louise
 45671 | Shoals:2 | Noticed Mlioglotl
 45692 | Shoals:2 | Killed Mlioglotl
 47104 | Shoals:4 | Entered Level 4 of the Shoals
 47110 | Shoals:4 | Noticed Polyphemus
 47285 | Shoals:4 | Reached skill level 10 in Armour
 47441 | Shoals:4 | Killed Polyphemus
 47452 | Shoals:4 | Reached skill level 5 in Necromancy
 47796 | Shoals:4 | Reached skill level 5 in Polearms
 47897 | Shoals:4 | Reached XP level 17. HP: 125/140 MP: 24/32
 48590 | Shoals:4 | Noticed Kirke
 48596 | Shoals:4 | Killed Kirke
 48702 | Shoals:4 | Identified the ring of the Hairy Dragonfruit {Wiz rF+ rC+
                  | Will++}
 48817 | Shoals:4 | HP: 1/141 [alligator snapping turtle (36)]
 49228 | Shoals:4 | Got a barnacled rune of Zot
 49783 | Snake:1  | Entered Level 1 of the Snake Pit
 49883 | Snake:1  | Reached skill level 5 in Poison Magic
 50302 | Snake:1  | Reached skill level 10 in Shields
 53070 | Snake:3  | Found Zehuyqir's Antique Armour Boutique.
 53082 | Snake:3  | Bought a slimy leather armour for 119 gold pieces
 53082 | Snake:3  | Identified the +1 leather armour of Restlessness {-Tele
                  | Harm Rampage Will++} (You bought it in a shop on level 3 of
                  | the Snake Pit)
 53082 | Snake:3  | Bought a fine ring mail for 153 gold pieces
 53082 | Snake:3  | Identified the +1 ring mail of Gehenna {Str+4} (You bought
                  | it in a shop on level 3 of the Snake Pit)
 54357 | Snake:4  | Entered Level 4 of the Snake Pit
 54857 | Snake:4  | Reached XP level 18. HP: 133/149 MP: 9/35
 55534 | Snake:4  | Found a gateway to a bazaar.
 55637 | Snake:4  | Found Voysuibe's Neck Hole.
 55812 | Snake:4  | Bought the +2 cloak of the Thief {*Fog Slay-2 SInv Stlth+}
                  | for 361 gold pieces
 55812 | Snake:4  | Found the +2 cloak of the Thief {*Fog Slay-2 SInv Stlth+}
 56255 | Snake:4  | Reached skill level 11 in Conjurations
 56591 | Snake:4  | Noticed Donald
 56596 | Snake:4  | Killed Donald
 57185 | Snake:4  | Got a serpentine rune of Zot
 57343 | Bazaar   | Entered a bazaar
 57343 | Bazaar   | Found Tyurarrik's Distillery.
 57349 | Bazaar   | Found Qiyss's Antique Weapon Shop.
 57371 | Bazaar   | Found Emuopeb's Assorted Antiques.
 57376 | Bazaar   | Found Renaoxt's Weapon Emporium.
 57406 | Bazaar   | Bought a pair of smouldering gloves for 123 gold pieces
 57406 | Bazaar   | Identified the -5 pair of gloves of Rife {-Tele rPois rF+
                  | Will+} (You bought it in a shop in a bazaar)
 57406 | Bazaar   | Bought a scroll of enchant armour for 97 gold pieces
 57420 | Bazaar   | Bought a potion of cancellation for 64 gold pieces
 57420 | Bazaar   | Bought a potion of mutation for 64 gold pieces
 57420 | Bazaar   | Bought a potion of resistance for 80 gold pieces
 57420 | Bazaar   | Bought a potion of lignification for 24 gold pieces
 57420 | Bazaar   | Bought a potion of lignification for 24 gold pieces
 57420 | Bazaar   | Bought a potion of haste for 80 gold pieces
 57420 | Bazaar   | Bought a potion of curing for 24 gold pieces
 57434 | Bazaar   | Bought a potion of magic for 104 gold pieces
 57763 | D:14     | Killed Dasesuj's ghost
 58091 | Lair:4   | Killed spica's ghost
 58101 | Lair:4   | Identified the +3 scimitar "Cokofeerr" {elec, Drain rN+
                  | Int+10 Stlth+}
 58103 | Lair:4   | Identified the +1 flail "Fejomeg" {venom, Int+5}
 58417 | Vaults:1 | Entered Level 1 of the Vaults
 58667 | Vaults:1 | You fall into a shaft and drop 1 floor!
 58743 | Vaults:2 | Found Aruoss's Assorted Antiques.
 58748 | Vaults:2 | Identified a scroll of acquirement
 58750 | Vaults:2 | Acquired the +0 helmet of Rivugasch {Fly Str+3}
 58780 | Vaults:2 | Bought a notched marble ring for 120 gold pieces
 58780 | Vaults:2 | Bought a scroll of enchant weapon for 180 gold pieces
 58780 | Vaults:2 | Bought a wand of acid (6) for 192 gold pieces
 58780 | Vaults:2 | Bought a glowing helmet for 180 gold pieces
 60282 | Vaults:1 | Identified the +6 arbalest of the Heavens {flame, rN+ Will+
                  | Dex-5 SInv}
 61379 | Vaults:2 | Reached XP level 19. HP: 133/158 MP: 23/36
 63336 | Vaults:2 | Identified the +1 scale mail of Compassion {Will+ Str+3}
 63735 | Vaults:3 | Reached skill level 12 in Conjurations
 64313 | Vaults:3 | Noticed a bone dragon
 64332 | Vaults:3 | Killed a bone dragon
 64518 | Vaults:3 | Found a staircase to the Crypt.
 64756 | Vaults:3 | HP: 7/158 [ironbound thunderhulk/bolt of lightning (22)]
 65943 | Vaults:3 | Found the +8 glaive of the Guard {elec, spectral, AC+5}
 65973 | Vaults:3 | Identified the +0 ring mail of the Invisible Hand {Harm
                  | MP+9 Dex+4}
 66223 | Vaults:3 | Learned a level 5 spell: Irradiate
 66229 | Vaults:3 | Learned a level 5 spell: Lightning Bolt
 66442 | Vaults:4 | Found Ganluguc's Antique Weapon Emporium.
 66477 | Vaults:4 | Found a crumbling gateway.
 66506 | Desolati | Entered the Desolation of Salt
 66672 | Desolati | Identified the +9 quarterstaff "Bung" {vorpal, Fly rElec
                  | Str+3 SInv}
 66695 | Desolati | Found the +10 morningstar "Eos" {elec, Halo rElec}
 66721 | Desolati | Got the Disquisition on Intoxication and Calling
 66761 | Desolati | Reached skill level 5 in Air Magic
 66999 | Desolati | Identified the +3 scythe of Foul Odours {venom, rN+ Int+7
                  | Stlth+}
 67000 | Desolati | Identified the ring of Erchorr {rElec rF++ rN+ rCorr Dex+2}
 67136 | Desolati | Reached skill level 5 in Transmutations
 67161 | Desolati | Reached XP level 20. HP: 85/167 MP: 21/38
 67516 | Desolati | Identified the ring of the Jackalope {rF+ Str+5 SInv}
 68062 | Desolati | Identified the +0 robe of Kajipid {-Tele Fly rPois}
 68428 | Vaults:4 | Reached skill level 13 in Conjurations
 68906 | Vaults:4 | Identified the ring "Qeihikh" {rF+ rC- Str+6 Stlth+}
 69985 | Orc:2    | Bought the +4 scale mail "Eddoetit" {rElec rN+++ Str-4
                  | Dex-2} for 603 gold pieces
 70553 | Elf:1    | Entered Level 1 of the Elven Halls
 71009 | Elf:1    | Found a portal to a secret trove of treasure.
 72463 | Elf:2    | Found Mipovat's Magic Scroll Emporium.
 72490 | Elf:2    | Found Ojexuc's Assorted Antiques.
 72514 | Elf:2    | Bought a potion of haste for 330 gold pieces
 72515 | Elf:2    | Found Yduimivi's Magic Scroll Shop.
 72728 | Elf:2    | Found Fauli's General Store.
 73122 | Elf:2    | Found a runed translucent gate.
 73124 | Elf:2    | Found a runed translucent gate.
 73125 | Elf:2    | Found a runed translucent gate.
 73567 | Elf:2    | Found Cobyuf Adym's Antique Weapon Shop.
 74876 | Elf:2    | Bought a scroll of summoning for 152 gold pieces
 74876 | Elf:2    | Bought a scroll of blinking for 120 gold pieces
 75122 | Depths:1 | Entered Level 1 of the Depths
 75386 | Depths:1 | Found a one-way gateway to a ziggurat.
 75759 | Depths:1 | Reached XP level 21. HP: 176/176 MP: 31/39
 75847 | Depths:1 | Found a gateway to Hell.
 76195 | Elf:3    | Entered Level 3 of the Elven Halls
 76196 | Elf:3    | Noticed Saint Roka
 76743 | Elf:3    | Identified the +0 pair of boots of Pyotas {rCorr Stlth+}
 76917 | Elf:3    | Killed Saint Roka
 76918 | Elf:3    | Reached skill level 14 in Conjurations
 78124 | Elf:3    | Identified the +7 great mace of Floods {holy, rN+}
 78322 | Elf:3    | Identified the +4 spear of Valour {freeze, Will+}
 78711 | Elf:3    | Identified the +8 chain mail of the Morning {Fly SInv}
 78793 | Elf:3    | Learned a level 2 spell: Blink
 78922 | Elf:2    | Bought a scroll of magic mapping for 45 gold pieces
 78922 | Elf:2    | Bought a scroll of fear for 45 gold pieces
 79302 | Depths:1 | Reached skill level 15 in Armour
 79302 | Depths:1 | Reached skill level 1 in Translocations
 79360 | Depths:1 | Noticed the Enchantress
 79371 | Depths:1 | Killed the Enchantress
 81377 | Depths:1 | Noticed a golden dragon
 81676 | Depths:1 | Killed a golden dragon
 81852 | Depths:1 | Reached skill level 5 in Translocations
 81953 | Depths:1 | Found Peatwirgh's Assorted Antiques.
 82151 | Depths:1 | Bought a flickering silver ring for 150 gold pieces
 82151 | Depths:1 | Identified the ring "Ipnoneg" {rN+ Stlth+} (You bought it
                  | in a shop on level 1 of the Depths)
 82935 | Depths:2 | Found a one-way gate leading to the halls of Pandemonium.
 82939 | Depths:2 | Reached XP level 22. HP: 185/185 MP: 38/40
 82939 | Depths:2 | Gained mutation: You are occasionally teleported next to
                  | monsters. [a neqoxec]
 82941 | Depths:2 | Lost mutation: You are occasionally teleported next to
                  | monsters. [potion of mutation]
 82941 | Depths:2 | Gained mutation: You have hidden genetic potential. [potion
                  | of mutation]
 84014 | Depths:3 | Reached skill level 15 in Conjurations
 84156 | Depths:3 | Noticed Xtahua
 84201 | Depths:3 | Killed Xtahua
 84455 | Depths:3 | Reached skill level 15 in Shields
 84709 | Depths:3 | Reached skill level 10 in Transmutations
 85173 | Depths:3 | Noticed a caustic shrike
 85178 | Depths:3 | Noticed a caustic shrike
 85181 | Depths:3 | Killed a caustic shrike
 85183 | Depths:3 | Noticed a caustic shrike
 85184 | Depths:3 | Killed a caustic shrike
 85188 | Depths:3 | Killed a caustic shrike
 85536 | Depths:3 | Noticed a caustic shrike
 85543 | Depths:3 | Noticed a caustic shrike
 85559 | Depths:3 | Killed a caustic shrike
 86117 | Depths:3 | Noticed a juggernaut
 86124 | Depths:3 | Killed a juggernaut
 87080 | Depths:3 | Noticed a caustic shrike
 87081 | Depths:3 | Noticed a caustic shrike
 87088 | Depths:3 | Noticed a caustic shrike
 87093 | Depths:3 | Killed a caustic shrike
 87093 | Depths:3 | Killed a caustic shrike
 87094 | Depths:3 | Killed a caustic shrike
 87099 | Depths:3 | Killed a caustic shrike
 87393 | Depths:3 | You are sucked into a shaft and drop 1 floor!
 87393 | Depths:4 | Entered Level 4 of the Depths
 88030 | Depths:3 | Found a one-way gate to the infinite horrors of the Abyss.
 88164 | Depths:3 | Noticed a caustic shrike
 88172 | Depths:3 | Killed a caustic shrike
 88659 | Depths:4 | Found Ylesmeuh's General Store.
 88662 | Depths:4 | Found Legol's Assorted Antiques.
 88662 | Depths:4 | Found Dyxki's Assorted Antiques.
 88669 | Depths:4 | Found Yfayssee's Assorted Antiques.
 88672 | Depths:4 | Bought a potion of cancellation for 352 gold pieces
 88672 | Depths:4 | Bought a scroll of blinking for 330 gold pieces
 88694 | Depths:4 | Bought a scintillating copper ring for 130 gold pieces
 88694 | Depths:4 | Identified the ring of Free Will {rN+ Will- rCorr Stlth+}
                  | (You bought it in a shop on level 4 of the Depths)
 88928 | Depths:4 | Reached XP level 23. HP: 182/194 MP: 42/42
 89008 | Depths:4 | Gained mutation: You possess an exceptional clarity of
                  | mind. [hidden potential]
 89149 | Depths:4 | Found a gate to the Realm of Zot.
 89200 | Depths:4 | Reached skill level 10 in Translocations
 90224 | Crypt:1  | Entered Level 1 of the Crypt
 90242 | Crypt:1  | Reached skill level 10 in Spellcasting
 90338 | Crypt:1  | Reached skill level 16 in Conjurations
 90403 | Crypt:1  | Found a magical portal.
 90425 | WizLab   | Entered Maxwell's Workshop
 91277 | WizLab   | Found the +0 mask of the Dragon {Will+ Slay+3 SInv}
 91655 | WizLab   | Identified the +0 leather armour of the Zebra {Harm rF++
                  | Will+ Stlth-}
 91665 | WizLab   | Identified the ring "Xazxih" {rElec Will+ rCorr Int+5
                  | Stlth-}
 92953 | Crypt:2  | Found the +2 hat of the Bear Spirit {Spirit, *Rage Will++}
 93810 | Crypt:2  | Identified the +2 scale mail of Peavyg {Dex+4}
 93860 | Crypt:2  | Reached skill level 1 in Summonings
 93900 | Crypt:2  | Noticed Sojobo
 93905 | Crypt:2  | Killed Sojobo
 94143 | Crypt:2  | Reached skill level 10 in Polearms
 94350 | Crypt:3  | Entered Level 3 of the Crypt
 94569 | Crypt:3  | Found a staircase to the Tomb.
 97386 | Crypt:3  | Identified the +7 spear "Riets" {freeze, rC+ Str+3}
 97765 | Elf:1    | You paid a toll of 5 scrolls of blinking to enter a
                  | treasure trove
 97766 | Trove    | Entered a treasure trove
 97775 | Trove    | Identified the ring of Kidoxuy {rC+ rCorr MP+9 Slay+2}
 97783 | Trove    | Identified the amulet "Hatib" {Spirit Str+7}
 97785 | Trove    | Identified the ring "Tikhleep" {rElec Will+ rCorr Str+2
                  | Slay+3}
 97790 | Trove    | Identified the ring of the Death Scarab {rCorr Str-3 Int+6
                  | Dex+6}
 98211 | Vaults:5 | Entered Level 5 of the Vaults
 98211 | Vaults:5 | Noticed an ancient lich
 98211 | Vaults:5 | Noticed Margery
 98327 | Vaults:4 | Reached XP level 24. HP: 54/203 MP: 32/43
 98334 | Vaults:4 | Gained mutation: You are covered in fur. (AC +1) [hidden
                  | potential]
 98334 | Vaults:4 | Lost mutation: You have hidden genetic potential. [hidden
                  | potential expressed]
 98757 | Vaults:5 | Killed an ancient lich
 98770 | Vaults:4 | Reached skill level 17 in Conjurations
 99039 | Vaults:4 | Killed Margery
 99040 | Vaults:4 | Reached skill level 5 in Summonings
100278 | Vaults:5 | Noticed a dread lich
100280 | Vaults:5 | Identified the +5 short sword "Ziczexku" {flame, rPois rF+
                  | Int+3}
100306 | Vaults:5 | Killed a dread lich
100460 | Vaults:5 | Identified the +3 robe "Keel" {Dex+3}
101467 | Vaults:5 | Noticed a dread lich
101473 | Vaults:5 | Killed a dread lich
101474 | Vaults:5 | Reached skill level 15 in Fire Magic
101532 | Vaults:5 | Identified the +6 spear of Honesty {flame, rC+}
101551 | Vaults:5 | Identified the +7 morningstar of Nightmares {speed, Dex+2}
101777 | Vaults:5 | Found Wumoux's Assorted Antiques.
101782 | Vaults:5 | Bought 2 scrolls of blinking for 615 gold pieces
101916 | Vaults:5 | Identified the amulet "Afugah" {RegenMP Fragile Will+++
                  | Str-5 Int+6}
102224 | Vaults:5 | Noticed a dread lich
102233 | Vaults:5 | Killed a dread lich
102390 | Vaults:5 | Got a silver rune of Zot
102872 | Vaults:5 | Identified the +0 ring mail "Plog" {Contam rElec Str+2}
103118 | Hell     | Entered the Vestibule of Hell
103118 | Hell     | Noticed Geryon
103126 | Hell     | Gained mutation: You are dopey. (Int -2) [a cacodemon]
103128 | Hell     | Killed Geryon
104097 | Depths:1 | Gained mutation: You sometimes lose the ability to read
                  | scrolls when taking damage. [a cacodemon]
104571 | Depths:1 | Slain by a searing wretch

Illustrated notes

Levels and vault maps discovered:
D:1:      nagdon_arrival_double_spiral, layout_loops_corners, minmay_domino_2
D:2:      layout_loops_ring, basic_ecumenical_altar
D:3:      layout_basic
D:4:      layout_loops_ring, mainiacjoe_overflow_small_starburst,
          mainiacjoe_overflow_surrounded_room, minmay_fountain_box,
          grunt_tough_drop, uniq_eustachio
D:5:      layout_rooms, serial_shops, shop, hangedman_decor_slide_cut,
          minmay_manual_mares, uniq_edmund, uniq_menkaure, uniq_blork_the_orc
D:6:      layout_rooms, nicolae_yredelemnul_corpse_copse,
          minmay_temple_entry_junction, serial_rivers,
          chequers_serial_rivers_micro_d, chequers_serial_rivers_micro_b,
          chequers_serial_rivers_micro_b, chequers_serial_rivers_large_a,
          serial_shops, nicolae_shop_statue_plus, chequers_jeans
D:7:      layout_loops_corners, nicolae_gozag_cash_rules_everything_around_me,
          enter_bailey_5, lightli_church_of_beogh
D:8:      layout_basic, lemuel_coloured_pillars_altar, dancing_weapons_uskayaw,
          uniq_pikel
D:9:      layout_loops_corners, kennysheep_little_box, orc_0_dummy, serial_ice,
          serial_ice_b, serial_ice_c, serial_ice_f, serial_ice_j, serial_ice_a,
          serial_ice_d, serial_ice_o, serial_ice_h
D:10:     layout_basic, dpeg_oklobed_lair, serial_bayou_lagoon_a
D:11:     layout_basic, uniq_harold, uniq_sonja
D:12:     layout_layer_cave, uniq_nergalle
D:13:     layout_cave_pods, uniq_urug, uniq_azrael
D:14:     layout_basic, hangedman_vaults_entry_quadrant_bands,
          grunt_decor_junction, ebering_ghost_xom, serial_shops,
          nicolae_shop_bloodbath_and_beyond, hangedman_aviary
D:15:     grunt_enter_depths_hoard, layout_long_grid, nicolae_vehumet_radiance,
          hangedman_decor_lopped
Lair:1:   layout_hall_layers, basic_altar, minivault_25, minivault_19,
          chequers_serial_rivers_small_a, nicolae_lair_grove_arrangements,
          grunt_megastairs_2
Lair:2:   layout_gridlike, elwin_shoals_entry_rocks, gauntlet_entry_generic,
          nzn_random_ring
Lair:3:   layout_hall_layers, guppyfry_snake_entry_garden,
          lightli_volcano_entry_magma_tube, grunt_megastairs_1
Lair:4:   layout_loops_ring, gammafunk_ghost_hydra_chop, serial_bayou_shore_a,
          uniq_snorg
Lair:5:   hellmonk_warped_wall, layout_gridlike
Lair:6:   evilmike_catoblepas_cave, layout_hall_layers,
          minmay_slime_entry_oklob_open
Shoals:1: nicolae_shoals_lighthouse, layout_shoals, uniq_josephine
Shoals:2: layout_shoals, uniq_mlioglotl, uniq_louise
Shoals:3: layout_shoals
Shoals:4: shoals_end_simple, layout_shoals, uniq_polyphemus, uniq_kirke
Snake:1:  nicolae_snake_crotalidae_crossing, layout_onion, basic_altar,
          hangedman_snake_thin_pillar_pass, drop_trap,
          nrook_guardian_serpent_double
Snake:2:  layout_misc_corridors
Snake:3:  layout_layer_cave, serial_shops, nicolae_shop_advertising_works
          [nicolae_subvault_shop_adworks], lemuel_fruit_tree,
          serial_bayou_shore_b
Snake:4:  grunt_snake_rune_pools, layout_grid_shapes, serial_shops,
          bzr_entry_water, nicolae_shop_sticking_my_neck_out, uniq_donald
Orc:1:    emtedronai_trogs_sanctum, layout_diamond_mine, lemuel_statue_altar
Orc:2:    st_orc_mages, layout_diamond_mine
Elf:1:    minmay_elf_arrival_circle, layout_loops_cross, enter_trove_1,
          hangedman_elven_crosses_minicolossus
Elf:2:    nicolae_elf_blades_splatter_lattice [nicolae_blade_entry_antechamber],
          layout_loops_corners, serial_shops, nicolae_shop_waterfront,
          nicolae_take_the_stairs, shop, shop, shop_fountains
Elf:3:    minmay_elf_hall_statues, layout_gridlike, serial_glass,
          glass_columns_a, glass_columns_b, uniq_saint_roka
Vaults:1: ontoclasm_vaults_ring_square, vaults_room_pool,
          hangedman_vaults_restitches, grunt_vaults_trifunnel, v_misc_12,
          v_misc_29, v_misc_13, nicolae_vaults_lopsided_apartments,
          nicolae_vaults_yaktaur_gun_rack,
          nicolae_vaults_windows_and_doors_thing, hangedman_vaults_impose,
          vaults_dpeg_spiral, v_misc_17, layout_vaults_maze
Vaults:2: nicolae_vaults_specimen_jars, hangedman_vaults_stagger, v_misc_3,
          nicolae_vaults_twisting_passages, nicolae_vaults_big_ls,
          ontoclasm_vaults_claustrophobia, nicolae_vaults_three_branches,
          hangedman_vaults_snaps, layout_vaults_quadrants, serial_shops,
          nicolae_shop_overgrown_old_shop
Vaults:3: v_misc_9, v_pattern_2, vaults_dpeg_ring, v_misc_24, v_misc_18,
          grunt_vaults_twisty, minmay_crypt_entry_nasty_monster,
          nicolae_vaults_network_s, hangedman_vaults_trim,
          minmay_guarded_unrand_guard_vaults, ontoclasm_vaults_ring_small,
          vaults_room_grid, layout_vaults_omnibox
Vaults:4: portal_desolation_entry_holy_temple, st_star, v_misc_23, v_misc_28,
          vaults_room_pools, vaults_dpeg_encased_lava, layout_vaults_big_room,
          serial_shops, nicolae_shop_window_shopping
Vaults:5: uniq_margery
Crypt:1:  layout_basic, mu_enter_wizlab_7, serial_glass, glass_columns_b,
          glass_columns_a, corexii_leaking_fountain
Crypt:2:  layout_gridlike, grunt_ministairs_13, uniq_sojobo
Crypt:3:  due_elkab, layout_chaotic_city, nicolae_tomb_entry_grand_gallery
Depths:1: kennysheep_green_arena, layout_honeycomb, enter_ziggurat_c,
          hellmouth_1, serial_shops, shop, chequers_serial_rivers_micro_a,
          serial_sigils_hangedman_carve, minmay_pinched_square, uniq_enchantress
Depths:2: minmay_the_grid_triangle_9x9_recursive_3
          [minmay_the_grid_triangle_9x9_sprig,
          minmay_the_grid_triangle_9x9_checkered,
          minmay_the_grid_triangle_9x9_empty,
          minmay_the_grid_triangle_9x9_prize_insulated,
          minmay_the_grid_triangle_9x9_zippers_horizontal,
          minmay_the_grid_triangle_9x9_impossible_snake,
          minmay_the_grid_triangle_9x9_pentomino_pain,
          minmay_the_grid_triangle_9x9_warning,
          minmay_the_grid_triangle_9x9_shrine], layout_cave_pools,
          grunt_decor_fettered, rand_demon_pan_entry_8, hell_entry
Depths:3: grunt_runaround [grunt_runaround_doors_1, grunt_runaround_doors_2,
          grunt_runaround_doors_3, grunt_runaround_doors_4,
          grunt_runaround_loot], hell_entry, abyss_entry, uniq_xtahua
Depths:4: grunt_zot_entry_funnels, layout_cave_shapes, lightli_too_deep,
          minmay_shoptagon
Hell

Skill      XL: |  1  2  3  4  5  6  7  8  9 10 11 12 13 14 15 16 17 18 19 20 21 22 23 24 |
---------------+-------------------------------------------------------------------------+-----
Conjurations   | 1 2 3 4 5 8 9 10 11 12 13 14 15 16 17 | 17.7
Fire Magic     | 3 4 5 8 9 10 11 12 13 14 15 | 15.4
Dodging        | 2 8 12 13 | 13.0
Stealth        | 2 6 7 8 9 |  9.6
Spellcasting   | 2 3 6 7 8 9 10 11 | 11.2
Fighting       | 1 2 6 7 8 9 10 11 12 13 14 | 14.7
Air Magic      | 1 2 3 4 5 6 7 8 |  8.0
Poison Magic   | 1 2 4 5 |  5.0
Transmutations | 1 2 3 4 5 7 9 11 12 | 12.0
Armour         | 5 6 7 10 12 13 14 15 16 | 16.0
Staves         | 5 7 9 10 | 10.7
Evocations     | 6 8 |  8.0
Shields        | 5 9 10 11 12 13 14 15 | 15.0
Polearms       | 1 5 6 8 9 10 | 10.4
Necromancy     | 1 5 6 7 8 9 |  9.6
Translocations | 5 9 11 | 11.4
Summonings     | 4 7 |  7.5

Action                   |  1- 3 |  4- 6 |  7- 9 | 10-12 | 13-15 | 16-18 | 19-21 | 22-24 || total
-------------------------+-------+-------+-------+-------+-------+-------+-------+-------++-------
Melee: Unarmed           |     1 |       |       |       |       |       |       |       ||     1
       Whip              |    39 |       |    19 |    38 |     7 |       |       |       ||   103
       Dagger            |       |     9 |     2 |       |       |       |       |       ||    11
       Punch             |       |     1 |       |       |     1 |       |       |       ||     2
       Staff             |       |       |       |       |   195 |   173 |   531 |   613 ||  1512
       Demon trident     |       |       |       |       |    17 |    92 |       |       ||   109
Throw: Dart              |       |       |     5 |       |       |     6 |       |       ||    11
       Throwing net      |       |       |     1 |       |       |       |       |       ||     1
 Cast: Foxfire           |    59 |    32 |   180 |    96 |       |       |       |       ||   367
       Scorch            |    29 |    28 |    55 |   151 |   364 |   310 |    88 |     7 ||  1032
       Poisonous Vapours |       |       |    14 |     5 |   238 |   354 |   412 |   254 ||  1277
       Ignite Poison     |       |       |     6 |     9 |   137 |   205 |   252 |   155 ||   764
       Mephitic Cloud    |       |       |    11 |     9 |    44 |    48 |    22 |    14 ||   148
       Flame Wave        |       |       |       |    28 |    38 |    74 |    20 |       ||   160
       Sticky Flame      |       |       |       |    27 |   140 |   111 |    30 |       ||   308
       Sublimation of Bl |       |       |       |       |       |     1 |       |       ||     1
       Dispel Undead     |       |       |       |       |       |     5 |     6 |   197 ||   208
       Irradiate         |       |       |       |       |       |       |   134 |   189 ||   323
       Lightning Bolt    |       |       |       |       |       |       |    59 |    44 ||   103
       Blink             |       |       |       |       |       |       |       |     1 ||     1
Evoke: Wand              |       |       |     3 |       |    16 |     8 |       |     2 ||    29
       Phantom mirror    |       |       |       |       |     1 |       |       |     1 ||     2
       Tin of tremorston |       |       |       |       |       |       |     1 |       ||     1
       Condenser vane    |       |       |       |       |       |       |       |     1 ||     1
  Use: Scroll            |     2 |     2 |     5 |     6 |    15 |    17 |     8 |     4 ||    59
       Potion            |       |       |     2 |     1 |     4 |     3 |     3 |     5 ||    18
 Stab: Sleeping          |     1 |       |       |       |     2 |     1 |     4 |    11 ||    19
       Confused          |       |       |       |       |     4 |     6 |     6 |     1 ||    17
       Invisible         |       |       |       |       |     1 |       |       |       ||     1
       Distracted        |       |       |       |       |       |     2 |     3 |     2 ||     7
Armor: Robe              |    10 |     3 |     7 |       |   120 |       |       |       ||   140
       Leather armour    |       |       |       |    30 |    25 |       |       |       ||    55
       Troll leather arm |       |       |       |       |    16 |   179 |   105 |       ||   300
       Scale mail        |       |       |       |       |       |       |    91 |   356 ||   447
Dodge: Dodged            |    33 |    24 |    25 |   169 |   369 |   351 |   277 |   318 ||  1566
Block: Other             |     6 |     8 |    13 |    44 |    50 |       |       |       ||   121
       Reflection        |       |       |     4 |     1 |    32 |   110 |    47 |    34 ||   228
       Kite shield       |       |       |       |       |   165 |       |       |       ||   165
       Buckler           |       |       |       |       |    72 |   149 |       |       ||   221
       Tower shield      |       |       |       |       |       |   663 |   858 |  1151 ||  2672
